 Dungeon Crawl Stone Soup version 0.29.1-2-gbd0b4ee654 (webtiles) character file.

Game seed: 6003580688563732546

1072 Earthwalker the Trooper (level 8, -3/71 HPs)
             Began as a Minotaur Fighter on Oct 23, 2022.
             Killed from afar by a steam dragon (23 damage)
             ... with a ball of steam
             ... on level 6 of the Dungeon.
             The game lasted 00:09:57 (4840 turns).

Earthwalker the Trooper (Minotaur Fighter)          Turns: 4840, Time: 00:09:58

Health: -3/71      AC: 11    Str: 22    XL:     8   Next: 7%
Magic:  7/7        EV:  9    Int: 14    God:
Gold:   303        SH:  5    Dex: 11    Spells: 7/7 levels left

rFire   . . .      SeeInvis .   a - +0 war axe
rCold   . . .      Faith    .   c - +0 buckler
rNeg    . . .      Spirit   .   b - +0 scale mail
rPois   .          Reflect  .   (helmet restricted)
rElec   .          Harm     .   (no cloak)
rCorr   .          Rampage  .   (no gloves)
Will    .....                   (no boots)
Stlth   ..........              (no amulet)
HPRegen 0.21/turn               p - ring of Naugon {AC+4 Int+3}
MPRegen 0.10/turn               w - +6 ring of intelligence

@: lethally poisoned (-3 -> -9)
A: horns 2, retaliatory headbutt
a: no special abilities


You were on level 6 of the Dungeon.
You visited 2 branches of the dungeon, and saw 7 of its levels.

You collected 303 gold pieces.

Inventory:

Hand Weapons
 a - a +0 war axe (weapon)
Missiles
 q - 5 poisoned darts (quivered)
 t - 6 boomerangs
Armour
 b - a +0 scale mail (worn)
 c - a +0 buckler (worn)
Jewellery
 p - the ring of Naugon (left hand) {AC+4 Int+3}
   (You found it on level 4 of the Dungeon)

   [ring of protection]

   AC:        It affects your AC (+4).
   Int:       It affects your intelligence (+3).
 w - a +6 ring of intelligence (right hand)
Wands
 r - a wand of polymorph (9)
 u - a wand of flame (4)
 y - a wand of charming (8)
Scrolls
 f - 3 scrolls of fog {unknown}
 g - 4 scrolls of amnesia {unknown}
 h - 3 scrolls of poison {unknown}
 j - 3 scrolls of immolation {unknown}
 m - 2 scrolls of noise {unknown}
 n - a scroll of silence {unknown}
 o - a scroll of enchant armour {unknown}
 s - 2 scrolls of identify {unknown}
 A - a scroll of teleportation {unknown}
Potions
 d - a potion of might
 e - a potion of cancellation {unknown}
 i - 2 potions of attraction {unknown}
 k - 3 potions of lignification {unknown}
 l - 4 potions of heal wounds {unknown}
 v - a potion of brilliance {unknown}
 x - 2 potions of haste {unknown}
 z - a potion of curing {unknown}
 B - a potion of ambrosia {unknown}


   Skills:
 + Level 6.8 Fighting
 + Level 6.0 Axes
 + Level 6.7 Armour
 + Level 6.6 Shields


You had 7 spell levels left.
You didn't know any spells.
Your spell library contained the following spells:

 Spells                   Type           Power      Damage    Failure   Level
 Sandblast                Erth           0%         2d4       65%         1
 Summon Small Mammal      Summ           0%         N/A       65%         1
 Passwall                 Tmut/Erth      0%         N/A       78%         2
 Sublimation of Blood     Necr           0%         N/A       78%         2
 Call Canine Familiar     Summ           0%         N/A       95%         3
 Gell's Gravitas          Tloc           0%         N/A       95%         3
 Stone Arrow              Conj/Erth      0%         3d7       95%         3
 Summon Guardian Golem    Hex/Summ       0%         N/A       95%         3
 Teleport Other           Tloc           0%         N/A       95%         3
 Petrify                  Tmut/Erth      0%         N/A       100%        4
 Irradiate                Conj/Tmut      0%         3d11      100%        5
 Dispersal                Tloc           0%         N/A       100%        6


Dungeon Overview and Level Annotations

Branches:
Dungeon (6/15)             Temple (1/1) D:4

Altars:
Ashenzari
Cheibriados
Dithmenos
Elyvilon
Fedhas
Gozag
Hepliaklqana
Kikubaaqudgha
Makhleb
Nemelex Xobeh
Qazlal
Ru
Sif Muna
Uskayaw
Wu Jian
Xom
Yredelemnul
Zin
The Shining One


Innate Abilities, Weirdness & Mutations

You have a pair of horns on your head.
You reflexively headbutt those who attack you in melee.


Message History

The water moccasin hisses angrily.
You hit the steam dragon.
The steam dragon is moderately wounded.
The steam dragon closely misses you. The steam dragon claws you.
You hit the steam dragon but do no damage.
You headbutt the steam dragon.
The steam dragon is moderately wounded.
You block the steam dragon's attack.
The steam dragon claws you but does no damage.
The water moccasin barely misses you.
You are too injured to fight recklessly!
You hit the steam dragon but do no damage.
The steam dragon is moderately wounded.
You hit the water moccasin but do no damage.
You block the steam dragon's attack. x2; The water moccasin barely misses you.
The steam dragon bites you.
The steam dragon claws you but does no damage.
You hit the steam dragon but do no damage.
Your headbutt misses the steam dragon.
The steam dragon is moderately wounded.
You miss the water moccasin. The water moccasin closely misses you.
The water moccasin bites you.
You are poisoned.
The water moccasin poisons you! You block the steam dragon's attack. x2
You hit the steam dragon but do no damage.
Your headbutt misses the steam dragon.
The steam dragon is moderately wounded.
You miss the water moccasin.
You feel very sick. The water moccasin closely misses you.
The steam dragon bites you.
* * * LOW HITPOINT WARNING * * *
The steam dragon misses you.
The water moccasin bites you but does no damage.
You closely miss the steam dragon. You headbutt the steam dragon!
The steam dragon is severely wounded.
You barely miss the water moccasin.
You feel sick. You block the water moccasin's attack.
The steam dragon breathes steam at you. The ball of steam hits you!!
You die...

#.##.#.#.#.#.
####
#.#.....#.###
#...# ##......# .
....###.#..#.##
## #..#.##.#.## #
#.#..##.....
#.##.##.#######.#
#.......# .#
#.##S@### #
#.....D.#
#.##..#.# #
#..#.# #... .
##.# .# #.. . ...
..


You could see a steam dragon (catching breath) and a water moccasin.

Vanquished Creatures
  Menkaure (D:4)
  An ice beast (D:4)
  2 ogres (D:5)
  3 scorpions (D:4)
  4 wights (D:6)
  2 hounds
  An iguana (D:5)
  9 adders
  3 gnolls (D:6)
  3 ufetubi
  2 worms
  2 dart slugs (D:1)
  7 orcs
  5 ball pythons
  8 endoplasms
  7 giant cockroaches
  4 goblins
  4 hobgoblins
  3 jackals (D:3)
  10 kobolds
  4 quokkas
  9 bats
  5 frilled lizards
  6 rats
105 creatures vanquished.

Vanquished Creatures (others)
  A plant (D:3)
1 creature vanquished.

Grand Total: 106 creatures vanquished

Notes
Turn   | Place    | Note
-------+----------+-------------------------------------------
     0 | D:1      | Earthwalker the Minotaur Fighter began the quest for the
                  | Orb.
     0 | D:1      | Reached XP level 1. HP: 19/19 MP: 0/0
    86 | D:1      | Reached XP level 2. HP: 26/27 MP: 1/1
   434 | D:1      | Reached XP level 3. HP: 33/33 MP: 2/2
   683 | D:1      | Found a faded altar of an unknown god.
  1033 | D:2      | Found a blossoming altar of Fedhas.
  1294 | D:3      | Found an opulent altar of Gozag.
  1341 | D:3      | Reached XP level 4. HP: 36/41 MP: 3/3
  1612 | D:3      | Found a shimmering altar of Xom.
  1613 | D:3      | Found a shimmering altar of Xom.
  1637 | D:3      | Found a shimmering altar of Xom.
  1639 | D:3      | Found a shimmering altar of Xom.
  1639 | D:3      | Found a shimmering altar of Xom.
  1640 | D:3      | Found a shimmering altar of Xom.
  1641 | D:3      | Found a shimmering altar of Xom.
  1641 | D:3      | Found a shimmering altar of Xom.
  1642 | D:3      | Found a shimmering altar of Xom.
  1769 | D:3      | Found a hide-covered altar of Uskayaw.
  1988 | D:3      | Reached XP level 5. HP: 35/47 MP: 4/4
  2214 | D:4      | Noticed an ice beast
  2230 | D:4      | Killed an ice beast
  2231 | D:4      | Reached skill level 5 in Fighting
  2231 | D:4      | Reached skill level 5 in Armour
  2231 | D:4      | Reached skill level 5 in Shields
  2328 | D:4      | Identified the ring of Naugon {AC+4 Int+3}
  2418 | D:4      | Noticed Menkaure
  2571 | D:4      | Killed Menkaure
  2572 | D:4      | Reached XP level 6. HP: 56/56 MP: 5/5
  2739 | D:4      | Found a basalt altar of Yredelemnul.
  2854 | D:4      | Found a staircase to the Ecumenical Temple.
  2863 | Temple   | Entered the Ecumenical Temple
  3554 | D:4      | Reached skill level 5 in Axes
  3554 | D:4      | Reached XP level 7. HP: 62/62 MP: 6/6
  3660 | D:5      | Entered Level 5 of the Dungeon
  4745 | D:6      | Identified the +5 rapier "Iqacse" {vamp, Dex+3}
  4767 | D:6      | Reached XP level 8. HP: 33/71 MP: 7/7
  4840 | D:6      | Killed from afar by a steam dragon

Illustrated notes

Levels and vault maps discovered:
D:1:      matt_arrival_grand_opening, layout_loops_cross,
          shapermc_ecumenical_altar_mp_highgroup
D:2:      layout_rooms, basic_altar, kennysheep_generic_room_6
D:3:      layout_basic, mainiacjoe_overflow_cross_hatched, lemuel_tele_altar,
          xom_redecorated, st_stairs_3
D:4:      layout_layer_cave, overflow_temple_1_default,
          minmay_temple_entry_trees, dreamdust_princess_bridge,
          minmay_fractal_squares_gapless_5, uniq_menkaure
D:5:      layout_basic
D:6:      layout_loops_cross, gup_sewer_entry_bowl, nicolae_ossuary_entry_ruins,
          dreamdust_gnoll_farm
Temple:   jpeg_temple_clearing

Skill      XL: |  1  2  3  4  5  6  7 |
---------------+----------------------+-----
Armour         | 4 5 6 |  6.7
Fighting       | 4 5 6 |  6.8
Shields        | 4 5 6 |  6.6
Axes           | 3 4 5 6 |  6.0

Action                   |  1- 3 |  4- 6 |  7- 9 || total
-------------------------+-------+-------+-------++-------
Melee: War axe           |   103 |    85 |    57 ||   245
       Headbutt          |    11 |    12 |    12 ||    35
Throw: Dart              |       |     6 |     9 ||    15
Armor: Scale mail        |    54 |    44 |    22 ||   120
Dodge: Dodged            |    45 |    35 |    35 ||   115
Block: Buckler           |    27 |    26 |    14 ||    67
